 Dungeon Crawl Stone Soup version 0.31-a0-435-g2c6fae2916 (webtiles) character file.

Game seed: 11328409267798926561

2753 AdnanSaban the Basher (level 9, 0/56 HPs)
             Began as a Gargoyle Fighter on Aug 1, 2023.
             Was an Elder of Okawaru.
             Slain by an orc warrior
             ... wielding a +0 glaive
              (7 damage)
             ... on level 7 of the Dungeon.
             The game lasted 00:07:37 (5534 turns).

AdnanSaban the Basher (Gargoyle Fighter)            Turns: 5534, Time: 00:07:37

Health: 0/56       AC: 21    Str: 25    XL:     9   Next: 68%
Magic:  9/9        EV: 11    Int:  8    God:    Okawaru [****..]
Gold:   339        SH:  0    Dex:  9    Spells: 8/8 levels left

rFire   . . .        p - +2 whip (elec)
rCold   . . .        (no shield)
rNeg    + . .        b - +0 scale mail
rPois   ∞            D - +1 helmet
rElec   +            z - +0 cloak
rCorr   .            (no gloves)
SInv    .            (no boots)
Will    .....        (no amulet) Stlth
                     u - +4 ring of protection
HPRegen 0.29/turn    (no ring)
MPRegen 0.11/turn

%: no passive effects
@: mesmerised
A: sickness immunity, AC +6, negative energy resistance 1, electricity
resistance, torment resistance 1, petrification resistance
a: Renounce Religion, Heroism, Finesse


You were on level 7 of the Dungeon.
You worshipped Okawaru.
Okawaru was greatly pleased with you.
You visited 1 branch of the dungeon, and saw 7 of its levels.

You collected 339 gold pieces.

Inventory:

Hand Weapons
 p - a +2 whip of electrocution (weapon)
Missiles
 s - 13 poisoned darts
 C - 2 atropa-tipped darts
Armour
 b - a +0 scale mail (worn)
 z - a +0 cloak (worn)
 D - a +1 helmet (worn)
Jewellery
 u - a +4 ring of protection (left hand)
 v - a ring of ice
Wands
 c - a wand of acid (8)
 l - a wand of digging (2)
 x - a wand of roots (22)
 y - a wand of flame (20)
Scrolls
 e - 2 scrolls of revelation {unknown}
 f - 3 scrolls of teleportation {unknown}
 g - a scroll of poison {unknown}
 i - a scroll of enchant weapon {unknown}
 j - a scroll of enchant armour {unknown}
 k - 2 scrolls of amnesia {unknown}
 m - 2 scrolls of butterflies {unknown}
 o - a scroll of blinking {unknown}
 q - a scroll of noise {unknown}
 r - 3 scrolls of identify {unknown}
 t - 2 scrolls of vulnerability {unknown}
 A - a scroll of brand weapon {unknown}
Potions
 a - a potion of attraction {unknown}
 d - 3 potions of might
 h - 5 potions of resistance {unknown}
 n - a potion of berserk rage {unknown}
 w - a potion of lignification {unknown}
 B - a potion of brilliance {unknown}
 E - a potion of heal wounds {unknown}


   Skills:
 + Level 6.8 Fighting
 + Level 8.7 Maces & Flails
 + Level 7.0 Armour
 + Level 3.0 Dodging
 + Level 1.2 Stealth
 + Level 5.7 Shields
 - Level 0.2 Evocations


You had 8 spell levels left.
You didn't know any spells.
Your spell library contained the following spells:

 Spells                   Type           Power      Damage    Failure   Level
 Magic Dart               Conj           0%         1d3       67%         1
 Sandblast                Erth           0%         2d4       67%         1
 Passwall                 Tmut/Erth      0%         N/A       80%         2
 Searing Ray              Conj           0%         2d4       80%         2
 Stone Arrow              Conj/Erth      0%         3d7       95%         3
 Fulminant Prism          Conj/Hex       0%         3d5       100%        4


Dungeon Overview and Level Annotations

Branches:
Dungeon (7/15)             Temple (0/1) D:6

Altars:
Ashenzari
Nemelex Xobeh
Okawaru
Ru
Yredelemnul
The Shining One

Shops:
D:1 [   D:2 **[   D:4 *   D:5 (

Annotations:
D:2 1 runed translucent door, Crazy Yiuf
D:6 1 runed translucent door, paps's ghost, novice TrBe
D:7 Maggie


Innate Abilities, Weirdness & Mutations

You are immune to sickness and miasma.
Your stone body is resilient. (AC +6)
You are immune to poison.
You resist negative energy. (rN+)
You are resistant to electric shocks. (rElec)
You are resistant to unholy torment.
You are immune to petrification.


Message History

You barely miss the orc priest.
The orc warrior hits you but does no damage.
Maggie gestures wildly while chanting.
Maggie attempts to bespell you!
You are mesmerised by Maggie!
The orc priest hits you but does no damage.
You closely miss the orc priest.
You hit the orc priest but do no damage.
The orc warrior closely misses you.
The orc priest miscasts a cantrip.
The orc priest hits you but does no damage.
You barely miss the orc priest.
You cannot move away from Maggie!
You closely miss the orc priest.
The orc warrior hits you from afar with a +0 glaive!
Maggie says, "Leave now, and tell all of Margery's mercy!"
Maggie mumbles some strange words.
Maggie draws you further into her thrall.
The orc priest hits you with a +0 dagger of protection.
You closely miss the orc priest.
The orc warrior hits you from afar with a +0 glaive!
The orc priest mumbles some strange prayers to Beogh against you.
Pain shoots through your body!
You hit the orc priest but do no damage.
You whack the orc priest!
The orc priest is heavily wounded.
The orc warrior hits you from afar with a +0 glaive.
The orc priest closely misses you.
You closely miss the orc priest.
The orc priest is heavily wounded.
The orc warrior hits you from afar with a +0 glaive!
* * * LOW HITPOINT WARNING * * *
The orc priest looks braver for a moment.
The orc priest casts a cantrip, but nothing happens.
You whack the orc priest!
You kill the orc priest!
Okawaru accepts your kill.
Your Armour skill increases to level 7!
The orc warrior hits you with a +0 glaive!
You die...

# .># .. . #.. #........ ...
.#..######.......# ....
................#. .....
#.... ..........
.....@###.#####.........
....oFo@................
..#######...###.........
...................^..
###########.##......##
#.......##..#......#
#.......###.#......#
####.......# #.....####
####..........#####.#...###
###...............###.###...#


You could see Maggie (mesmerising), an orc warrior, a bullfrog and an orc
priest.

Vanquished Creatures
  Pikel (D:4)
  Grinder (D:5)
  Sigmund (D:2)
  A wyvern (D:4)
  A water moccasin (D:6)
  Duvessa (D:5)
  3 ice beasts
  2 black bears (D:5)
  2 lemures (D:3)
  A phantom (D:5)
  A kobold brigand (D:7)
  4 scorpions
  Dowan (D:5)
  A howler monkey (D:6)
  A crimson imp (D:4)
  4 hounds
  A gnoll bouda (D:6)
  2 orc priests
  A sleepcap (D:6)
  Jessica (D:2)
  Ijyb (D:5)
  4 orc wizards
  3 iguanas
  3 adders
  7 gnolls
  A shadow imp (D:5)
  A white imp (D:4)
  2 worms
  A dart slug (D:4)
  6 orcs
  8 ball pythons
  2 bats
  6 endoplasms
  7 giant cockroaches
  7 goblins
  6 hobgoblins
  3 quokkas
  3 frilled lizards
  A goblin skeleton (D:4)
  2 goblin zombies (D:4)
  2 hobgoblin zombies (D:4)
  12 kobolds
  A kobold skeleton (D:4)
  2 kobold zombies (D:4)
  An orc zombie (D:4)
  9 rats
132 creatures vanquished.

Notes
Turn   | Place    | Note
-------+----------+-------------------------------------------
     0 | D:1      | AdnanSaban the Gargoyle Fighter began the quest for the
                  | Orb.
     0 | D:1      | Reached XP level 1. HP: 14/14 MP: 1/1
   255 | D:1      | Reached XP level 2. HP: 19/19 MP: 2/2
   518 | D:1      | Found Ykkudaih's Antique Armour Shop.
   856 | D:2      | Found Haddien's Assorted Antiques.
   862 | D:2      | Found an iron altar of Okawaru.
   880 | D:2      | Found Vujo Puo's Assorted Antiques.
   895 | D:2      | Noticed Jessica
   896 | D:2      | Found a faded altar of an unknown god.
   910 | D:2      | Killed Jessica
   911 | D:2      | Reached XP level 3. HP: 11/24 MP: 3/3
  1038 | D:2      | Found Kusibelim's Antique Armour Shop.
  1088 | D:2      | Reached skill level 3 in Maces & Flails
  1088 | D:2      | Reached XP level 4. HP: 24/29 MP: 4/4
  1196 | D:2      | Noticed Sigmund
  1312 | D:2      | Found a runed translucent door.
  1313 | D:2      | Noticed Crazy Yiuf
  1468 | D:2      | Became a worshipper of Warmaster Okawaru
  1569 | D:2      | Killed Sigmund
  1569 | D:2      | Reached * piety under Okawaru
  1570 | D:2      | Reached skill level 4 in Maces & Flails
  1570 | D:2      | Reached skill level 1 in Dodging
  1570 | D:2      | Reached XP level 5. HP: 23/34 MP: 5/5
  1570 | D:2      | Reached XP level 6. HP: 27/39 MP: 6/6
  2386 | D:4      | Found Tumu's Lightly-Used Armoury.
  2413 | D:4      | Noticed Pikel
  2530 | D:4      | Reached skill level 1 in Stealth
  2602 | D:4      | Noticed an ice beast
  2607 | D:4      | Killed an ice beast
  2607 | D:4      | Reached ** piety under Okawaru
  2608 | D:4      | Reached skill level 5 in Maces & Flails
  2608 | D:4      | Reached XP level 7. HP: 44/44 MP: 7/7
  2626 | D:4      | Noticed a wyvern
  2630 | D:4      | Killed a wyvern
  2631 | D:4      | Reached skill level 5 in Fighting
  2742 | D:3      | Reached skill level 5 in Armour
  2907 | D:4      | Found a glowing golden altar of the Shining One.
  3018 | D:4      | Killed Pikel
  3018 | D:4      | Reached *** piety under Okawaru
  3019 | D:4      | Reached skill level 6 in Maces & Flails
  3019 | D:4      | Reached XP level 8. HP: 25/50 MP: 8/8
  3349 | D:5      | Entered Level 5 of the Dungeon
  3374 | D:5      | Reached skill level 7 in Maces & Flails
  3459 | D:5      | Noticed Duvessa
  3459 | D:5      | Noticed Dowan
  3466 | D:5      | Killed Duvessa
  3472 | D:5      | Killed Dowan
  3522 | D:5      | Reached skill level 5 in Shields
  3567 | D:5      | Noticed Grinder
  3567 | D:5      | Paralysed by Grinder for 5 turns
  3581 | D:5      | Paralysed by Grinder for 5 turns
  3592 | D:5      | Killed Grinder
  3593 | D:5      | Reached XP level 9. HP: 51/55 MP: 9/9
  3715 | D:5      | Reached skill level 8 in Maces & Flails
  3740 | D:5      | Found Suosoor's Weapon Boutique.
  3801 | D:5      | Found a sparkling altar of Nemelex Xobeh.
  3917 | D:5      | Noticed Ijyb
  3930 | D:5      | Killed Ijyb
  4000 | D:5      | Reached **** piety under Okawaru
  4290 | D:6      | Received a gift from Okawaru
  4402 | D:6      | Found a staircase to the Ecumenical Temple.
  4454 | D:6      | Found a sacrificial altar of Ru.
  4606 | D:6      | Found a runed translucent door.
  4606 | D:6      | Noticed paps's ghost (novice TrBe)
  5280 | D:7      | Found a broken altar of Ashenzari.
  5396 | D:7      | Found a basalt altar of Yredelemnul.
  5517 | D:7      | Noticed Maggie
  5534 | D:7      | Slain by an orc warrior

Illustrated notes

Levels and vault maps discovered:
D:1:      onia_arrival_mini_spirals, layout_basic, serial_shops, shop
D:2:      layout_rooms, shapermc_ecumenical_altar_notcrosses, serial_shops,
          nicolae_diamond_shop, shop, shop, basic_altar,
          kennysheep_generic_room_16, uniq_jessica, uniq_sigmund,
          uniq_crazy_yiuf_cottage
D:3:      layout_basic, nicolae_titane
D:4:      layout_cave_pools, nicolae_tso_besieged_by_evil,
          minmay_misc_feat_square, minmay_shop_damaged, uniq_pikel
D:5:      layout_loops_cross, nemelex_spade_bored_becter, serial_shops,
          nicolae_shop_window_shopping, uniq_duvessa, uniq_ijyb, uniq_grinder
D:6:      layout_rooms, mainiacjoe_overflow_six_doors_small,
          minmay_temple_entry_statues_pillars, gammafunk_ghost_grave,
          minivault_1, minmay_crossroads
D:7:      layout_basic, yredelemnul_altar_generic, evilmike_ruin_ashenzari,
          enter_bailey_5, hex_large, uniq_maggie, uniq_joseph

Skill      XL: |  1  2  3  4  5  6  7  8  9 |
---------------+----------------------------+-----
Maces & Flails | 3 4 5 6 7 8 |  8.7
Fighting       | 4 5 6 |  6.8
Armour         | 4 5 6 7 |  7.0
Dodging        | 1 2 3 |  3.0
Stealth        | 1 |  1.2
Shields        | 4 5 |  5.7
Evocations     | |  0.2

Action                     |  1- 3 |  4- 6 |  7- 9 || total
---------------------------+-------+-------+-------++-------
  Melee: Flail             |    94 |   107 |    92 ||   293
         Whip              |       |       |   240 ||   240
  Evoke: Wand              |       |     8 |    10 ||    18
 Armour: Scale mail        |    54 |    56 |   159 ||   269
  Dodge: Dodged            |    45 |    44 |   149 ||   238
  Block: Buckler           |    10 |    25 |    51 ||    86

Table legend: (Time is in decaauts)
 A = Elapsed time spent in this place.
 B = Non-inter-level travel time spent in this place.
 C = Inter-level travel time spent in this place.
 D = Time resting spent in this place.
 E = Time spent auto-exploring this place.
 F = Levels seen in this place.
 G = Mean time per level.
                   A        B        C        D        E       F      G
               +--------+--------+--------+--------+--------+-----+--------+
         Total |   5542 |   5043 |    499 |    154 |   3748 |   7 |  791.7 |
       Dungeon |   5542 |   5043 |    499 |    154 |   3748 |   7 |  791.7 |
               +--------+--------+--------+--------+--------+-----+--------+

Top non-repeatable levels by time:
     D:1: 1033 daAuts
     D:2: 917 daAuts
     D:5: 907 daAuts
     D:4: 895 daAuts
     D:3: 785 daAuts
     D:6: 710 daAuts
     D:7: 292 daAuts
